Workbook

Sheet FY2020Sup
A1: 単位：10億円 | M1: 緊急経済対策 | R1: 感染症対策
N2: 企業支援 | O2: 個人支援 | S2: 感染拡大防止 | T2: 医療体制整備
L3: 予算 | M3: =SUMPRODUCT(K9:K138,M9:M138) -> 45012.7 | N3: =SUMPRODUCT(K9:K138,N9:N138) -> 31135.8 | O3: =SUMPRODUCT(K9:K138,O9:O138) -> 13876.9 | Q3: 予算 | R3: =SUMPRODUCT($K9:$K138,R9:R138) -> 5623.7 | S3: =SUMPRODUCT($K9:$K138,S9:S138) -> 4772.8 | T3: =SUMPRODUCT($K9:$K138,T9:T138) -> 850.9
M4: =M3/$M3 -> 1 | N4: =N3/$M3 -> 0.69171145 | O4: =O3/$M3 -> 0.30828855 | R4: =R3/$R3 -> 1 | S4: =S3/$R3 -> 0.84869392 | T4: =T3/$R3 -> 0.15130608
L5: 予備費 | M5: =Yobihi!H4/10 -> 3294.7 | N5: =Yobihi!I4/10 -> 1807.6 | O5: =Yobihi!J4/10 -> 1487.1 | Q5: 予備費 | R5: =Yobihi!L4/10 -> 2468.2 | S5: =Yobihi!M4/10 -> 491.5 | T5: =Yobihi!N4/10 -> 1976.7
M6: =M5/$M5 -> 1 | N6: =N5/$M5 -> 0.54863872 | O6: =O5/$M5 -> 0.45136128 | R6: =R5/$R5 -> 1 | S6: =S5/$R5 -> 0.19913297 | T6: =T5/$R5 -> 0.80086703
L7: Total | M7: =M3+M5 -> 48307.4 | N7: =N3+N5 -> 32943.4 | O7: =O3+O5 -> 15364 | Q7: Total | R7: =R3+R5 -> 8091.9 | S7: =S3+S5 -> 5264.3 | T7: =T3+T5 -> 2827.6
M8: =M7/$M7 -> 1 | N8: =N7/$M7 -> 0.68195349 | O8: =O7/$M7 -> 0.31804651 | R8: =R7/$R7 -> 1 | S8: =S7/$R7 -> 0.65056414 | T8: =T7/$R7 -> 0.34943586
A9: 令和2年度補正予算（第1号） | H9: =I10+I44 -> 25691.4
B10: 新型コロナウイルス感染症緊急経済対策関係諸費 | I10: 25565.5
C11: 感染拡大防止策と医療提供体制の整備及び治療薬の開発 | J11: 1809.7
D12: 新型コロナウイルス感染症緊急包括支援交付金 | K12: 149 | R12: 1 | S12: 1
D13: 医療機関等へのマスク等の優先配布 | K13: 95.3 | R13: 1 | S13: 1
D14: 人工呼吸器・マスク等の生産支援 | K14: 11.7 | R14: 1 | S14: 1
D15: 幼稚園、小学校、介護施設等におけるマスク配布など | K15: 79.2 | R15: 1 | S15: 1
D16: 全世帯への布製マスクの配布 | K16: 23.3 | R16: 1 | S16: 1
D17: アビガンの確保 | K17: 13.9 | R17: 1 | T17: 1
D18: 産学官連携による治療薬等の研究開発 | K18: 20 | R18: 1 | T18: 1
D19: 国内におけるワクチン開発の支援 | K19: 10 | R19: 1 | T19: 1
D20: 国際的なワクチンの研究開発等 | K20: 21.6 | R20: 1 | T20: 1
D21: 新型コロナウイルス感染症対応地方創生臨時交付金 | K21: 1000
D22: その他 | K22: =J11-SUM(K12:K21) -> 385.7
C23: 雇用の維持と事業の継続 | J23: 19490.5
D24: 雇用調整助成金の特例措置の拡大 | K24: 69 | M24: 1 | N24: 1
D25: 中小・小規模事業者等の資金繰り対策 | K25: 3831.6 | M25: 1 | N25: 1
D26: 中小・小規模事業者等に対する新たな給付金 | K26: 2317.6 | M26: 1 | N26: 1
D27: 全国すべての人々への新たな給付金 | K27: 12880.3 | M27: 1 | O27: 1
D28: 子育て世帯への臨時特別給付金 | K28: 165.4 | M28: 1 | O28: 1
D29: その他 | K29: =J23-SUM(K24:K28) -> 226.6
C30: 次の段階としての官民を挙げた経済活動の回復 | J30: 1848.2
D31: Go Toキャンペーン事業 | K31: 1679.4 | M31: 1 | N31: 1
D32: 新型コロナリバイバル成長基盤強化ファンドの創設 | K32: 100 | M32: 1 | N32: 1
D33: その他 | K33: =J30-SUM(K31:K32) -> 68.8
C34: 強靭な経済構造の構築 | J34: 917.2
D35: サプライチェーンの対策のための国内投資促進事業費補助金 | K35: 220 | M35: 1 | N35: 1
D36: 海外サプライチェーン多元化等支援事業 | K36: 23.5 | M36: 1 | N36: 1
D37: 農林水産物・食品の輸出力・国内供給力の強化 | K37: 198.4 | M37: 1 | N37: 1
D38: GIGAスクール構想の加速による学びの保障 | K38: 229.2
D39: 公共投資の早期執行等のためのデジタルインフラの推進 | K39: 17.8
D40: 中小企業デジタル化応援隊事業 | K40: 10 | M40: 1 | N40: 1
D41: その他 | K41: =J34-SUM(K35:K40) -> 218.3
C42: 今後への備え | J42: 1500
D43: 新型コロナウイルス感染症対策予備費 | K43: 1500
B44: 国債整理基金特別会計へ繰入 | I44: 125.9
A46: 令和2年度補正予算（第2号） | H46: =I47+I80+I81 -> 31911.4
B47: 新型コロナウイルス感染症対策関係経費 | I47: 31817.1
C48: 雇用調整助成金の拡充等 | J48: 451.9
D49: 雇用調整助成金の拡充等 | K49: 451.9 | M49: 1 | N49: 1
C50: 資金繰り対応の強化 | J50: 11639
D51: 中小・小規模事業者向けの融資 | K51: 8817.4 | M51: 1 | N51: 1
D52: 中堅・大企業向けの融資 | K52: 452.1 | M52: 1 | N52: 1
D53: 資本性資金の活用 | K53: 2369.2 | M53: 1 | N53: 1
D54: その他 | K54: =J50-SUM(K51:K53) -> 0.3
C55: 家賃支援給付金の創設 | J55: 2024.2
D56: 家賃支援給付金の創設 | K56: 2024.2 | M56: 1 | N56: 1
C57: 医療提供体制等の強化 | J57: 2989.2
D58: 新型コロナウイルス感染症緊急包括支援交付金 | K58: 2237 | R58: 1 | S58: 1
D59: 医療用マスク等の医療機関等への配布 | K59: 437.9 | R59: 1 | S59: 1
D60: ワクチン・治療薬の開発等 | K60: 205.5 | R60: 1 | T60: 1
D61: その他 | K61: =J57-SUM(K58:K60) -> 108.8
C62: 新型コロナウイルス感染症対応地方創生臨時交付金の拡充 | J62: 2000
D63: 新型コロナウイルス感染症対応地方創生臨時交付金の拡充 | K63: 2000
C64: 低所得のひとり親世帯への追加的な給付 | J64: 136.5
D65: 低所得のひとり親世帯への追加的な給付 | K65: 136.5 | M65: 1 | O65: 1
C66: 持続化給付金の対応強化 | J66: 1940
D67: 持続化給付金の対応強化 | K67: 1940 | M67: 1 | N67: 1
C68: その他 | J68: 636.3
D69: 持続化補助金等の拡充 | K69: 100 | M69: 1 | N69: 1
D70: 農林漁業者の経営継続補助金の創設 | K70: 20 | M70: 1 | N70: 1
D71: 文化芸術活動の緊急総合支援パッケージ | K71: 56 | M71: 1 | O71: 1
D72: 自衛隊の感染症拡大防止・対処能力の更なる向上 | K72: 6.3 | R72: 1 | T72: 1
D73: 地域公共交通における感染拡大防止対策 | K73: 13.8 | R73: 1 | S73: 1
D74: 個人向け緊急小口資金等の特例貸付 | K74: 204.8 | M74: 1 | O74: 1
D75: 教員、学習指導員等の追加措置 | K75: 31.8
D76: 教育ICT環境整備等のための光ファイバ整備推進 | K76: 50.2
D77: 学校再開に伴う感染症対策・学習保障等 | K77: 42.1 | R77: 1 | S77: 1
D78: スマートライフ実現のためのAIシミュレーション事業 | K78: 1.4 | R78: 1 | S78: 1
C79: 新型コロナウイルス感染症対策予備費 | J79: 10000
B80: 国債整理基金特別会計へ繰入 | I80: 96.3
B81: 既定経費の減額 | I81: -2
A83: 令和2年度補正予算（第3号） | H83: =I84+I102+I128 -> 19176.1
B84: 新型コロナウイルス感染症の拡大防止策 | I84: 4358.1
C85: 医療提供体制の確保と医療機関等への支援 | J85: 1644.7
D86: 新型コロナウイルス感染症緊急包括支援交付金 | K86: 1301.1 | R86: 1 | S86: 1
D87: 診療・検査医療機関をはじめとした医療機関等における感染拡大防止等の支援 | K87: 107.1 | R87: 1 | S87: 1
D88: 医療機関等の資金繰り支援 | K88: 103.7 | R88: 1 | S88: 1
D89: 小児科等の医療機関等に対する診療報酬による支援 | K89: 7.1 | R89: 1 | S89: 1
D90: その他 | K90: =J85-SUM(K86:K89) -> 125.7
C91: 検査体制の充実、ワクチン接種体制等の整備 | J91: 820.4
D92: 新型コロナウイルスワクチンの接種体制の整備・接種の実施 | K92: 573.6 | R92: 1 | T92: 1
D93: PCR検査・抗原検査の実施等 | K93: 67.2 | R93: 1 | S93: 1
D94: その他 | K94: =J91-SUM(K92:K93) -> 179.6
C95: 知見に基づく感染防止対策の徹底 | J95: 1748.7
D96: 新型コロナウイルス感染症対応地方創生臨時交付金 | K96: 1500
D97: 東京オリンピック・パラリンピック競技大会の延期に伴う感染症対策等事業 | K97: 95.9 | R97: 1 | S97: 1
D98: その他 | K98: =J95-SUM(K96:K97) -> 152.8
C99: 感染症の収束に向けた国際協力 | J99: 144.4
D100: アフリカ、中東、アジア・大洋州地域への国際機関等を通じた支援 | K100: 79.2
D101: その他 | K101: =J99-K100 -> 65.2
B102: ポストコロナに向けた経済構造の転換・好循環の実現 | I102: 11676.6
...

Sheet Yobihi
A1: 令和２年度⼀般会計新型コロナウイルス感染症対策予備費使⽤実績 （単位︓億円）
B2: 閣議決定⽇ | C2: 事項 | D2: ⾦額 | H2: 緊急経済対策 | L2: 感染症対策
B3: 令和２年度１次補正追加額（令和２年4⽉30⽇成⽴） | D3: ＋15,000 | I3: 企業支援 | J3: 個人支援 | M3: 感染拡大防止 | N3: 医療体制整備
B4: 令和２年度２次補正追加額（令和２年6⽉12⽇成⽴） | D4: ＋100,000 | G4: Total | H4: =SUMPRODUCT($D6:$D135,H6:H135) -> 32947 | I4: =SUMPRODUCT($D6:$D135,I6:I135) -> 18076 | J4: =SUMPRODUCT($D6:$D135,J6:J135) -> 14871 | L4: =SUMPRODUCT($D6:$D135,L6:L135) -> 24682 | M4: =SUMPRODUCT($D6:$D135,M6:M135) -> 4915 | N4: =SUMPRODUCT($D6:$D135,N6:N135) -> 19767
B5: 令和２年度３次補正における修正減少（令和3年1⽉28⽇成⽴） | D5: ▲18,500 | H5: =H4/$H$4 -> 1 | I5: =I4/$H$4 -> 0.54863872 | J5: =J4/$H$4 -> 0.45136128 | L5: =L4/$L4 -> 1 | M5: =M4/$L4 -> 0.19913297 | N5: =N4/$L4 -> 0.80086703
B6: 5⽉19⽇（⽕） | C6: 学⽣⽀援緊急給付⾦ | D6: 531 | H6: 1 | J6: 1
B7: 5⽉26⽇（⽕） | C7: 医療⽤マスク・ガウン等の優先配布 | D7: 1680 | L7: 1 | M7: 1
C8: 診療報酬上の特例的な措置 | D8: 159 | L8: 1 | N8: 1
B9: 8⽉ 7⽇（⾦） | C9: 持続化給付⾦ | D9: 9150 | H9: 1 | I9: 1
C10: 個⼈向け緊急⼩⼝資⾦等の特例貸付 | D10: 1777 | H10: 1 | J10: 1
C11: 検疫体制の強化 | D11: 330 | L11: 1 | M11: 1
B12: 9⽉ 8⽇（⽕） | C12: ワクチンの確保 | D12: 6714 | L12: 1 | N12: 1
B13: 9⽉15⽇（⽕） | C13: 検査体制の抜本的な拡充 | D13: 131 | L13: 1 | M13: 1
C14: 医療提供体制の確保 | D14: 11946 | L14: 1 | N14: 1
C15: ワクチンの確保等 | D15: 948 | L15: 1 | N15: 1
C16: 個⼈向け緊急⼩⼝資⾦等の特例貸付等 | D16: 3361 | H16: 1 | J16: 1
B17: 10⽉16⽇（⾦） | C17: 雇⽤調整助成⾦の特例措置 | D17: 4391 | H17: 1 | I17: 1
C18: サプライチェーン対策のための国内投資促進事業費補助⾦ | D18: 860 | H18: 1 | I18: 1
C19: 農林漁業者の経営継続補助⾦ | D19: 241 | H19: 1 | I19: 1
B20: 12⽉11⽇（⾦） | C20: ひとり親世帯臨時特別給付⾦ | D20: 737 | H20: 1 | J20: 1
C21: Ｇｏ Ｔｏ トラベル | D21: 3119 | H21: 1 | I21: 1
B22: 12⽉25⽇（⾦） | C22: 更なる病床確保のための緊急⽀援 | D22: 2693 | L22: 1 | M22: 1
C23: 新型コロナウイルス対応地⽅創⽣臨時交付⾦ | D23: 2169
B24: 1⽉15⽇（⾦） | C24: 新型コロナウイルス対応地⽅創⽣臨時交付⾦ | D24: 7418
B25: 2⽉ 9⽇（⽕） | C25: 新型コロナウイルス対応地⽅創⽣臨時交付⾦ | D25: 8802
C26: ⼀時⽀援⾦ | D26: 2490 | H26: 1 | J26: 1
C27: PCR検査（モニタリング検査）による感染拡⼤の端緒の早期探知 | D27: 81 | L27: 1 | M27: 1
B28: 3⽉23⽇（⽕） | C28: 個⼈向け緊急⼩⼝資⾦等の特例貸付 | D28: 3410 | H28: 1 | J28: 1
C29: ⼦育て世帯⽣活⽀援特別給付⾦ | D29: 2175 | H29: 1 | J29: 1
C30: 新型コロナウイルス感染症対応休業給付⾦ | D30: 294 | H30: 1 | J30: 1
C31: 孤独・孤⽴対策に取り組むNPO等への⽀援 | D31: 46 | H31: 1 | J31: 1
C32: 政府による対策の広報の強化 | D32: 50 | H32: 1 | J32: 1
C33: 新型コロナウイルス対応地⽅創⽣臨時交付⾦ | D33: 15403
C34: コンテンツグローバル需要創出促進事業費補助⾦ | D34: 315 | H34: 1 | I34: 1
B35: 予備費残額 | D35: 5080
